Map: Golden Wall LE

Players

Zest - Winner!

  • Race: Protoss Protoss
  • Spawn Location: 5:00

Liquidthermy (uThermal)

  • Race: Terran Terran
  • Spawn Location: 7:00

Event: StayAtHomestory Cup #2

VOD

Have the link to the VOD?

Description

Time

  • Played on: June 13, 2020, 7:39 a.m.
  • Length: 8:41

All games in this series

Show
View Real Time Build Order
Export as new Build Order

Zest Protoss - Winner!

Build Orders: Blink Stalkers 

Get SALT Encoding   

  12  0:00  Probe  
  13  0:12  Probe  
  14  0:18  Pylon  
  14  0:24  Probe  
  15  0:36  Gateway  
  15  0:40  Probe  
  16  0:47  Pylon  
  16  0:52  Probe  
  16  0:56  Assimilator  
  17  1:08  Gateway  
  17  1:10  Probe  
  18  1:22  Probe  
  18  1:25  Cybernetics Core  
  19  1:34  Probe  
  19  1:35  Assimilator  
  20  1:46  Probe  
  21  1:51  Stalker  
  21  1:56  Adept  
  21  1:58  Probe  
  24  2:04  Warp Gate  
  26  2:10  Probe  
  26  2:11  Stalker  
  27  2:19  Pylon  
  29  2:31  Probe  
  30  2:46  Stalker  
  32  2:58  Nexus  
  32  3:01  Probe  
  33  3:11  Twilight Council  
  33  3:14  Probe  
  34  3:26  Probe  
  35  3:38  Probe, Blink  
  36  3:46  Probe  
  36  3:54  Probe  
  37  3:58  Pylon  
  38  4:05  Probe  
  39  4:10  Probe  
  39  4:12  Nexus  
  39  4:16  Sentry  
  42  4:17  Probe  
  42  4:19  Probe  
  42  4:22  Sentry  
  46  4:25  Probe  
  46  4:27  Phoenix  
  46  4:29  Probe  
  47  4:33  Probe  
  49  4:39  Sentry  
  49  4:41  Probe  
  49  4:43  Gateway  
  49  4:45  Probe  
  53  4:48  Gateway  
  53  4:53  Probe  
  53  4:55  Pylon  
  53  4:57  Probe  
  55  5:02  Pylon  
  55  5:06  Stalker  
  57  5:07  Stalker  
  57  5:10  Probe  
  57  5:11  Probe  
  61  5:25  Shield Battery  
  61  5:32  Pylon  
  61  5:33  Shield Battery  
  64  5:38  Charge  
  64  5:42  Stalker x2  
  66  5:43  Stalker  
  65  5:51  Stalker  
  64  6:01  Probe x3  
  65  6:06  Stalker x3  
  71  6:13  Probe  
  71  6:17  Probe  
  73  6:20  Robotics Facility  
  73  6:23  Pylon  
  73  6:24  Zealot  
  75  6:26  Probe x2  
  75  6:28  Assimilator  
  75  6:29  Probe, Stalker  
  75  6:30  Stalker  
  75  6:31  Stalker, Pylon  
  84  6:41  Probe  
  77  6:55  Stalker x2  
  77  6:56  Zealot  
  77  6:57  Zealot  
  77  6:58  Probe x2  
  87  7:06  Probe  
  87  7:09  Gateway  
  87  7:10  Probe  
  87  7:11  Gateway  
  86  7:20  Probe  
  86  7:22  Pylon  
  87  7:23  Gateway x2  
  87  7:25  Warp Prism  
  87  7:27  Gateway  
  87  7:28  Stalker x2  
  93  7:40  Forge  
  93  7:41  Zealot  
  93  7:42  Pylon, Zealot  
  97  7:51  Gateway  
  97  7:52  Gateway  
  97  7:54  Dark Shrine  
  97  7:55  Zealot x2  
  101  8:07  Zealot x4  
  109  8:19  Zealot  
  109  8:20  Zealot x3  
  109  8:22  Pylon  
  109  8:37  Zealot x5  
Show
View Real Time Build Order
Export as new Build Order

Liquidthermy Terran 

Build Orders:  

Get SALT Encoding   

  12  0:01  SCV  
  13  0:13  SCV  
  14  0:17  Supply Depot  
  14  0:25  SCV  
  15  0:39  SCV, Barracks  
  16  0:44  Refinery  
  16  0:51  SCV  
  17  1:03  SCV  
  18  1:15  SCV  
  19  1:26  Marine  
  19  1:27  Orbital Command  
  20  1:44  Command Center  
  20  1:45  Barracks Reactor  
  20  1:54  SCV  
  20  1:56  Supply Depot  
  21  2:06  SCV  
  22  2:10  Factory  
  22  2:22  Marine x2  
  23  2:23  Bunker  
  24  2:30  SCV  
  23  2:40  Marine x2  
  23  2:54  Widow Mine  
  23  2:57  SCV  
  25  3:05  Marine x2  
  26  3:09  SCV  
  28  3:16  Orbital Command  
  28  3:21  Factory Tech Lab  
  28  3:22  SCV  
  28  3:24  Marine  
  28  3:27  Marine  
  30  3:34  SCV  
  32  3:43  SCV  
  32  3:44  Starport  
  34  3:49  Cyclone  
  34  3:50  SCV  
  34  3:55  SCV  
  37  3:57  Marine x2  
  39  4:04  Refinery  
  39  4:05  SCV  
  39  4:08  SCV  
  41  4:15  Supply Depot  
  41  4:17  SCV  
  42  4:24  Siege Tank  
  45  4:32  Engineering Bay  
  45  4:33  Marine  
  45  4:36  Marine  
  47  4:45  Viking  
  49  4:48  SCV  
  49  4:50  SCV  
  51  4:57  Supply Depot  
  51  4:58  Marine  
  52  5:00  SCV  
  52  5:06  Marine  
  54  5:12  SCV  
  54  5:19  Marine  
  55  5:22  SCV  
  55  5:24  Missile Turret, Marine  
  55  5:28  Siege Tank  
  60  5:35  Supply Depot  
  60  5:37  SCV  
  60  5:42  Marine  
  60  5:43  Marine  
  60  5:47  SCV  
  60  5:49  SCV  
  62  5:54  Liberator  
  55  6:00  Marine x2  
  55  6:02  Siege Tank  
  55  6:03  SCV  
  51  6:04  SCV  
  50  6:15  SCV  
  50  6:16  SCV  
  50  6:18  Marine x2  
  54  6:27  SCV, Barracks  
  54  6:28  SCV  
  54  6:29  Barracks  
  56  6:34  Siege Tank  
  56  6:36  Marine x2  
  56  6:39  SCV  
  61  6:40  SCV  
  61  6:45  Liberator  
  61  6:52  SCV  
  61  6:53  Marine  
  60  6:54  Marine  
  60  7:01  Orbital Command  
  61  7:06  Siege Tank  
  61  7:07  Supply Depot  
  64  7:20  Supply Depot  
  64  7:23  Barracks Tech Lab  
  64  7:29  Barracks Tech Lab  
  64  7:35  Missile Turret  
  64  7:41  Marine x2  
  64  7:42  SCV  
  64  7:43  Refinery, Marine  
  68  7:44  Supply Depot  
  68  7:54  SCV  
  68  7:56  Supply Depot  
  68  7:58  SCV  
  70  8:05  Marine x4  
  70  8:11  Supply Depot  
  68  8:23  Marine, Barracks x2  
  71  8:27  Starport Reactor  
Tags
 
Add a new tag
Caveats
  • Supply blocks, unpowered buildings, or Contaminate may cause inaccurate times.
  • Supply counts are checked every 10 seconds.